 Dungeon Crawl Stone Soup version 0.25.1-2-g60ff931df9 (webtiles) character file.

Game seed: 16877478084342982595

15453 lepoulpe303 the Dealer of Despair (level 12, 0/86 HPs)
             Began as a Demonspawn Necromancer on Sept 30, 2020.
             Was an Elder of Kikubaaqudgha.
             Slain by a fire crab (5 damage)
             ... summoned by a boggart
             ... in a Gauntlet on Oct 1, 2020.
             The game lasted 01:22:16 (15210 turns).

lepoulpe303 the Dealer of Despair (DsNe)           Turns: 15210, Time: 01:22:17

Health: 0/86       AC: 13    Str: 17    XL:     12   Next: 1%
Magic:  29/33      EV: 14    Int: 25    God:    Kikubaaqudgha [****..]
Gold:   677        SH:  6    Dex: 13    Spells: 10/26 levels left

rFire    + . .     SeeInvis .   a - +7 quarterstaff (chaos)
rCold    . . .     Gourm    .   (shield currently unavailable)
rNeg     . . .     Faith    .   l - +1 troll leather armour {regen}
rPois    +         Spirit   .   Q - +3 hat of Pondering {ponderous, MR+ MP+10 Int+5}
rElec    .         Reflect  .   v - +2 cloak {MR+} {MR+}
rCorr    .         Harm     .   I - +0 pair of gloves
MR       ++...     NoTele   +   (no boots)
Stlth    ++........             R - amulet of regeneration
HPRegen  1.04/turn              g - +6 ring of strength
MPRegen  0.23/turn              H - ring "Zujilas" {rPois rF+}

@: slow
A: horns 2, large bone plates 2
a: Receive Corpses, Renounce Religion


You were in a Gauntlet.
You worshipped Kikubaaqudgha.
Kikubaaqudgha was greatly pleased with you.
You were not hungry.

You visited 3 branches of the dungeon, and saw 14 of its levels.
You also visited: Gauntlet.

You collected 677 gold pieces.

Inventory:

Hand Weapons
 a - a +7 quarterstaff of chaos (weapon)
Armour
 l - a +1 troll leather armour (worn) {regen}
 v - a +2 cloak of magic resistance (worn) {MR+}
 F - a cursed +0 robe
 I - a +0 pair of gloves (worn)
 O - a +0 cloak of stealth
 Q - the +3 hat of Pondering (worn) {ponderous, MR+ MP+10 Int+5}
   (You took it off Gastronok on level 8 of the Dungeon)

   It affects your intelligence (+5).
   It affects your resistance to hostile enchantments.
   It affects your magic capacity (+10).
 T - the +2 cloak of the Hall of Blades {Str-3 Int+7}
   (You found it in a Gauntlet)

   It affects your strength (-3).
   It affects your intelligence (+7).
Jewellery
 g - a +6 ring of strength (left hand)
 z - an uncursed ring of stealth {Stlth+}
 H - the ring "Zujilas" (right hand) {rPois rF+}
   (You found it on level 5 of the Dungeon)

   [ring of protection from fire]

   It protects you from fire.
   It protects you from poison.
 K - a cursed ring of attention {unknown}
 R - an amulet of regeneration (around neck)
Wands
 D - a wand of digging (8)
 M - a wand of flame (12)
 P - a wand of polymorph (14)
 S - a wand of iceblast (3)
Scrolls
 i - 2 scrolls of identify
 k - 2 scrolls of fear {unknown}
 m - 2 scrolls of immolation {unknown}
 n - a scroll of random uselessness {unknown}
 o - a scroll of amnesia {unknown}
 t - 7 scrolls of teleportation
 u - a scroll of torment {unknown}
 w - 5 scrolls of remove curse
 x - a scroll of blinking {unknown}
 y - 2 scrolls of enchant weapon
 A - 2 scrolls of fog {unknown}
 C - 3 scrolls of enchant armour
 E - a scroll of holy word {unknown}
 J - a scroll of noise {unknown}
 L - a scroll of summoning {unknown}
 N - 4 scrolls of magic mapping {!r}
Potions
 b - 2 potions of lignification {!q}
 c - 2 potions of stabbing {unknown}
 d - 3 potions of magic
 f - 3 potions of berserk rage {!q}
 h - 2 potions of haste
 j - 2 potions of resistance
 p - a potion of ambrosia {unknown}
 q - 4 potions of curing
 r - 2 potions of mutation {!q}
 s - 3 potions of heal wounds {unknown}
 B - 2 potions of flight
 G - a potion of brilliance {unknown}
 U - a potion of cancellation {unknown}
Miscellaneous
 V - a phial of floods
 W - a lightning rod (4/4)
Comestibles
 e - 6 rations


   Skills:
 + Level 5.6 Fighting
 + Level 5.1 Staves
 - Level 4.0 Armour
 + Level 5.8 Dodging
 - Level 3.6 Stealth
 + Level 7.8 Spellcasting
 + Level 5.4 Conjurations
 * Level 10.3 Necromancy
 - Level 6.0 Translocations
 + Level 5.5 Poison Magic
 + Level 2.1 Evocations


You had 10 spell levels left.
You knew the following spells:

 Your Spells              Type           Power        Failure   Level  Hunger
a - Pain                  Necr           ####         1%          1    None
b - Animate Dead          Necr           N/A          1%          4    ##.....
c - Mephitic Cloud        Conj/Pois/Air  ####....     4%          3    None
d - Blink                 Tloc           N/A          1%          2    None
m - Sublimation of Blood  Necr           ######....   1%          2    None
x - Vampiric Draining     Necr           ######....   1%          3    None
A - Animate Skeleton      Necr           N/A          1%          1    None

Your spell library contained the following spells:

 Spells                   Type           Power        Failure   Level  Hunger
 Magic Dart               Conj           ####         1%          1    None
 Dispel Undead            Necr           ######..     1%          4    ##.....
 Agony                    Necr           ######..     3%          5    #####..
 Conjure Flame            Conj/Fire      ###.....     7%          3    None
 Stone Arrow              Conj/Erth      ###...       7%          3    None
 Sandblast                Erth           #.....       8%          1    None
 Summon Small Mammal      Summ           #...         8%          1    None
 Call Imp                 Summ           #.......     11%         2    None
 Passwall                 Tmut/Erth      #.......     11%         2    None
 Slow                     Hex            #.......     11%         2    None
 Death Channel            Necr           ######....   16%         6    ######.
 Call Canine Familiar     Summ           #.......     22%         3    None
 Summon Guardian Golem    Hex/Summ       #.......     22%         3    None
 Excruciating Wounds      Chrm/Necr      #####.....   24%         5    #####..
 Petrify                  Tmut/Erth      #.......     58%         4    ##.....
 Summon Ice Beast         Ice/Summ       #.......     58%         4    ##.....
 Summon Lightning Spire   Summ/Air       #.......     58%         4    ##.....
 Lee's Rapid Deconstruct  Erth           #.........   90%         5    #####..


Dungeon Overview and Level Annotations

Branches:
Dungeon (10/15)            Temple (1/1) D:6            Lair (3/6) D:10
 Shoals (0/4) Lair:2      Gauntlet (1/1)
  Snake: Lair:2-4    Spider: Lair:2-4       Orc: D:9-12

Altars:
Dithmenos
Elyvilon
Fedhas
Hepliaklqana
Kikubaaqudgha
Makhleb
Nemelex Xobeh
Okawaru
Qazlal
Ru
Sif Muna
Trog
Vehumet
Yredelemnul
Zin
The Shining One

Shops:
D:10 =:

Annotations:
D:4 dig
D:10 2 runed translucent doors, ma3's ghost, novice DEFE
Lair:2 3 runed translucent doors, Cato's ghost, journeyman DECj Gauntlet 15 transporters, 21 runed translucent doors, exclusion: obsidian statue


Innate Abilities, Weirdness & Mutations

You have a pair of horns on your head.
You are mostly covered in large bone plates. (SH +6)


Message History

The fire crab claws you!
* * * LOW HITPOINT WARNING * * *
You are engulfed in flames.
You resist.
* * * LOW HITPOINT WARNING * * *
You take 46 damage, and have 40/86 hp.
MASSIVE DAMAGE!!
You now have 28/33 mp.
As you read the scroll labeled QECWOM KEDD, it crumbles to dust.
It is a scroll of enchant armour.
Your +0 troll leather armour {regen} glows green for a moment.
The swamp worm bites you!!
* * * LOW HITPOINT WARNING * * *
The worldbinder hits you.
* * * LOW HITPOINT WARNING * * *
The worldbinder hits you but does no damage.
The swamp worm barely misses you. The fire crab bites you.
* * * LOW HITPOINT WARNING * * *
You are engulfed in flames.
You resist.
You die...
Kikubaaqudgha rasps: "You have failed me!
Welcome... death!"

###.∩.###################
.......................≈#
....©...................###
##########.###########..#8#
.........#.#...#.#...#..###
.#.#.#.#.#.#..#..a#..#....#
..#.#.#.)#.#.##.g.##.#....###
.#.#.#.#.#.##..#w##.[###..#8#
..#.©.#..#.#..yt@G#.©#©#..###
.#.#.#.#.#.##..#x##.?#.#..#
..#.#.#..#.#.##Ygv##x#.#..### ###
.#.#.#.#.#.#..#vy.#..#.#..#8# #8#
....©....#.#g..#.#...#.#..#######
######################.#.........
....©.........©#§§8§≈#.#.........
######################.##########
≈≈≈≈8≈≈§§#©...........©..........


You could see a catoblepas (summoned), a fire crab (summoned), a moth of wrath
(summoned), a worldbinder, a swamp worm (summoned, berserk), a soldier ant
(summoned), a vampire mosquito (summoned), 2 insubstantial wisps, 2 boggarts and
a floating eye (summoned, charged).

Levels and vault maps discovered:
D:1:      kennysheep_arrival_forest, layout_loops_ring, minivault_23
D:2:      layout_basic
D:3:      layout_loops_ring, first_ration, serial_glass, glass_columns_a,
          glass_columns_b, lexackson_kobold_supper, uniq_robin,
          uniq_crazy_yiuf_cottage
D:4:      layout_cave_pools, zin_scriptorium, minmay_misc_feat_x
D:5:      cheibrodos_barr_body, layout_layer_cave, st_stairs_8,
          uniq_blork_the_orc
D:6:      layout_basic, minmay_temple_entry_proselytizer, uniq_menkaure
D:7:      layout_loops_cross, grunt_dithmenos_shadows, uniq_harold, uniq_duvessa
D:8:      layout_loops_cross, kb_lookout_dungeons_type, uniq_maurice,
          uniq_gastronok, uniq_grum
D:9:      layout_layer_cave, fedhas_altar_1
D:10:     layout_loops_ring, lair_entry_dummy, ebering_ghost_disaster_area,
          serial_shops, nicolae_shop_crystal, kennysheep_little_box, uniq_sonja
Temple:   kilobyte_greek_temple
Lair:1:   layout_concentric_octagons, basic_altar, mumra_transporter_accident
Lair:2:   layout_loops_ring, minmay_shoals_entry_beasts,
          maelrawn_ghost_gauntlet_escape, grunt_megastairs_1
Lair:3:   layout_loops_ring, gauntlet_entry_generic
Gauntlet: gammafunk_gauntlet_one_two_three [gammafunk_gauntlet_arena_grid,
          gammafunk_gauntlet_arena_chambers, gammafunk_gauntlet_arena_mazey,
          gammafunk_gauntlet_arena_teeth, gammafunk_gauntlet_arena_split_x,
          nicolae_gauntlet_arena_quarters, gammafunk_gauntlet_arena_corners,
          minmay_gauntlet_arena_make_your_own_arena,
          nicolae_gauntlet_arena_blocks, gauntlet_exit_watery]

Notes
Turn   | Place    | Note
-------+----------+-------------------------------------------
     0 | D:1      | lepoulpe303 the Demonspawn Necromancer began the quest for
                  | the Orb.
     0 | D:1      | Reached XP level 1. HP: 13/13 MP: 3/3
    47 | D:1      | Identified a +0 club
    48 | D:1      | Identified a cursed -3 club
   308 | D:1      | Identified a +0 dagger
   336 | D:1      | Gained mutation: You are partially covered in large bone
                  | plates. (SH +4) [demonic ancestry]
   336 | D:1      | Reached XP level 2. HP: 6/19 MP: 0/5
   368 | D:1      | Reached skill level 2 in Stealth
   663 | D:1      | Learned a level 1 spell: Animate Skeleton
   698 | D:1      | Identified a +0 dagger
   722 | D:1      | Reached skill level 2 in Dodging
   807 | D:1      | Identified a +0 club
  1294 | D:2      | Identified a +0 club
  1426 | D:2      | Reached XP level 3. HP: 13/24 MP: 6/6
  1936 | D:2      | Identified 4 scrolls of identify
  1936 | D:2      | Identified a ring of strength (You found it on level 2 of
                  | the Dungeon)
  2204 | D:2      | Identified a +0 dagger
  2734 | D:3      | Identified a +0 club
  2850 | D:3      | Learned a level 3 spell: Vampiric Draining
  2874 | D:3      | Identified a +0 whip
  2875 | D:3      | Identified a +0 dagger
  3063 | D:3      | Identified a +0 club
  3064 | D:3      | Identified a +0 dagger
  3065 | D:3      | Identified a +0 dagger
  3072 | D:3      | Reached XP level 4. HP: 9/30 MP: 2/8
  3072 | D:3      | HP: 7/30 [poisoned by an adder]
  3075 | D:3      | Identified 3 potions of curing
  3081 | D:3      | Reached skill level 5 in Necromancy
  3087 | D:3      | HP: 3/30 [goblin[Robin] (3)]
  3468 | D:3      | Identified a +0 club
  3470 | D:3      | Identified a +0 club
  3470 | D:3      | Identified a +0 dagger
  3470 | D:3      | Identified a +0 club
  3471 | D:3      | Identified a +1 dagger of venom
  3471 | D:3      | Identified a +0 animal skin
  3471 | D:3      | Identified a cursed +0 helmet
  3471 | D:3      | Noticed Robin
  3471 | D:3      | Identified a +0 club
  3471 | D:3      | Identified a +1 dagger of venom
  3500 | D:3      | Reached skill level 1 in Armour
  3579 | D:2      | HP: 7/30 [poisoned by Robin]
  3581 | D:2      | Killed Robin
  3581 | D:2      | Reached skill level 3 in Spellcasting
  3741 | D:2      | Identified 3 potions of degeneration
  3859 | D:3      | Found a runed translucent door.
  3860 | D:3      | Identified a +4 quarterstaff of chaos
  3860 | D:3      | Identified a +2 cloak of magic resistance
  3860 | D:3      | Noticed Crazy Yiuf
  4122 | D:3      | Killed Crazy Yiuf
  4122 | D:3      | Gained mutation: You have a pair of small horns on your
                  | head. [demonic ancestry]
  4122 | D:3      | Reached XP level 5. HP: 18/35 MP: 9/9
  4141 | D:3      | Identified a +0 troll leather armour {regen} (You found it
                  | on level 2 of the Dungeon)
  4289 | D:3      | Identified a +4 whip
  4322 | D:3      | Identified a +0 falchion
  4759 | D:4      | Identified a +0 giant club
  4759 | D:4      | Noticed an ogre
  4852 | D:4      | Found a glowing silver altar of Zin.
  5070 | D:4      | Identified a ring of teleportation (You found it on level 4
                  | of the Dungeon)
  5083 | D:4      | Killed an ogre
  5083 | D:4      | Reached skill level 1 in Staves
  5083 | D:4      | Reached skill level 2 in Armour
  5083 | D:4      | Gained mutation: You are mostly covered in large bone
                  | plates. (SH +6) [demonic ancestry]
  5083 | D:4      | Reached XP level 6. HP: 42/42 MP: 7/11
  5145 | D:4      | Identified an amulet of regeneration (You found it on level
                  | 4 of the Dungeon)
  5290 | D:5      | Entered Level 5 of the Dungeon
  5321 | D:5      | Identified a +0 flail
  5327 | D:5      | Identified a +0 flail of holy wrath
  5327 | D:5      | Identified a cursed +0 ring mail
  5328 | D:5      | Reached skill level 1 in Fighting
  5339 | D:5      | Learned a level 4 spell: Animate Dead
  5343 | D:5      | Learned a level 3 spell: Mephitic Cloud
  5512 | D:5      | Identified a +0 giant club
  5517 | D:5      | Reached skill level 3 in Stealth
  5518 | D:5      | Identified a +0 shortbow
  5526 | D:5      | Reached XP level 7. HP: 47/48 MP: 8/12
  5529 | D:5      | Reached skill level 1 in Poison Magic
  5538 | D:5      | Reached skill level 4 in Spellcasting
  5582 | D:5      | Reached skill level 1 in Conjurations
  5582 | D:5      | Reached skill level 6 in Necromancy
  5648 | D:5      | Reached skill level 3 in Armour
  5648 | D:5      | Reached skill level 3 in Dodging
  5761 | D:5      | Got a fine pewter ring
  5767 | D:5      | Identified the ring "Zujilas" {rPois rF+} (You found it on
                  | level 5 of the Dungeon)
  5772 | D:5      | Learned a level 2 spell: Blink
  5806 | D:5      | Identified a cursed -1 shortbow
  5841 | D:5      | Reached XP level 8. HP: 50/56 MP: 7/14
  5854 | D:5      | Identified a +0 pair of gloves (You found it on level 5 of
                  | the Dungeon)
  5982 | D:5      | Identified a +0 giant club
  5998 | D:5      | Reached skill level 2 in Fighting
  6120 | D:5      | Identified a +0 long sword
  6120 | D:5      | Identified a +0 robe
  6120 | D:5      | Noticed Blork the orc
  6140 | D:5      | Killed Blork the orc
  6507 | D:6      | Found a staircase to the Ecumenical Temple.
  6507 | D:6      | Identified a +0 war axe
  6515 | D:6      | Identified 2 potions of berserk rage
  6560 | D:6      | Reached skill level 2 in Staves
  6560 | D:6      | Reached skill level 1 in Translocations
  6595 | Temple   | Entered the Ecumenical Temple
  6633 | Temple   | Became a worshipper of Kikubaaqudgha
  6787 | D:6      | Identified a +0 flail
  6788 | D:6      | Identified a +0 dagger
  6789 | D:6      | Identified a +0 dagger
  6789 | D:6      | Identified a +0 robe
  6789 | D:6      | Identified a +0 falchion
  6789 | D:6      | Identified a +0 chain mail
  6790 | D:6      | Identified a +0 club
  6790 | D:6      | Identified a +0 leather armour
  6846 | D:6      | Identified a +0 club
  6846 | D:6      | Identified a +0 flail
  7151 | D:6      | Noticed Menkaure
  7244 | D:6      | Reached skill level 2 in Poison Magic
  7573 | D:6      | Killed Menkaure
  7573 | D:6      | Reached skill level 2 in Conjurations
  7625 | D:7      | Identified a +0 short sword
  7625 | D:7      | Identified a +2 ring mail of poison resistance
  7625 | D:7      | Noticed Duvessa
  7625 | D:7      | Identified a +0 dagger
  7625 | D:7      | Identified a +0 robe
  7625 | D:7      | Noticed Dowan
  7627 | D:7      | Identified a cursed -3 dagger
  7664 | D:7      | Identified a +0 club
  7664 | D:7      | Identified a cursed +0 ring mail
  7664 | D:7      | Identified a +0 whip
  7664 | D:7      | Identified a +0 leather armour
  7664 | D:7      | Identified a +0 hand axe
  7664 | D:7      | Identified a +4 scale mail of magic resistance
  7664 | D:7      | Noticed Harold
  7933 | D:7      | Identified a ring of stealth (You found it on level 7 of
                  | the Dungeon)
  7942 | D:7      | Identified a +0 short sword
  7948 | D:7      | Identified a +0 dagger
  7951 | D:7      | Identified a +0 mace
  7951 | D:7      | Identified a +0 plate armour
  7981 | D:6      | HP: 12/57 [killer bee (8)]
  8114 | D:7      | Got a masterwork scale mail
  8122 | D:7      | Found a shadowy altar of Dithmenos.
  8130 | D:7      | Reached skill level 2 in Translocations
  8192 | D:7      | Reached skill level 4 in Armour
  8226 | D:7      | Reached skill level 7 in Necromancy
  8279 | D:7      | Killed Dowan
  8279 | D:7      | Reached skill level 5 in Spellcasting
  8295 | D:7      | Reached * piety under Kikubaaqudgha
  8295 | D:7      | Identified Kikubaaqudgha's Catalogue of Evil Arts
                  | (Kikubaaqudgha gifted it to you on level 7 of the Dungeon)
  8295 | D:7      | Received a gift from Kikubaaqudgha
  8300 | D:7      | Learned a level 2 spell: Sublimation of Blood
  8300 | D:7      | Identified the +2 chain mail "Urorab" {rElec}
  8314 | D:7      | Gained mutation: You have a pair of horns on your head.
                  | [demonic ancestry]
  8314 | D:7      | Reached XP level 9. HP: 62/62 MP: 11/16
  8315 | D:7      | Identified a +0 mace
  8327 | D:7      | Identified a +0 flail
  8329 | D:7      | Identified a +0 mace
  8329 | D:7      | Identified a +0 plate armour
  8333 | D:7      | Killed Duvessa
  8364 | D:7      | Identified a cursed -1 whip
  8366 | D:7      | Identified a cursed -1 flail
  8367 | D:7      | Identified a +0 spear
  8367 | D:7      | Identified a +0 ring mail
  8367 | D:7      | Identified a +0 kite shield
  8384 | D:7      | Identified a +0 flail
  8472 | D:7      | Identified a +0 hand axe
  8472 | D:7      | Identified a cursed +0 leather armour
  8472 | D:7      | Identified a +0 trident
  8472 | D:7      | Identified a +0 chain mail
  8472 | D:7      | Identified a +0 short sword
  8473 | D:7      | Identified a +0 dagger
  8473 | D:7      | Identified a +0 robe
  8481 | D:7      | HP: 10/62 [something (12)]
  8506 | D:6      | Reached skill level 3 in Fighting
  8677 | D:6      | Reached skill level 3 in Translocations
  8686 | D:6      | Reached skill level 3 in Poison Magic
  8713 | D:7      | Reached skill level 3 in Staves
  8795 | D:7      | Reached skill level 4 in Dodging
  8795 | D:7      | Reached skill level 3 in Conjurations
  8851 | D:7      | Identified a +0 halberd
  8852 | D:7      | Identified a +0 halberd
  8852 | D:7      | Identified a +0 leather armour
  8888 | D:7      | Identified a +0 club
  8926 | D:7      | Killed Harold
  8926 | D:7      | Reached skill level 8 in Necromancy
  9403 | D:8      | Identified a +0 shortbow
  9460 | D:8      | Identified a +0 club
  9460 | D:8      | Identified a +0 leather armour
  9462 | D:8      | Identified a cursed -2 hand axe
  9462 | D:8      | Identified a +0 chain mail
  9463 | D:8      | Identified a +0 dagger
  9463 | D:8      | Identified a +0 ring mail
  9465 | D:8      | Identified a +0 club
  9537 | D:8      | Identified a -2 spear
  9537 | D:8      | Identified a +0 animal skin
  9537 | D:8      | Noticed Grum
  9541 | D:8      | Reached skill level 6 in Spellcasting
  9541 | D:8      | Reached skill level 4 in Translocations
  9541 | D:8      | Reached XP level 10. HP: 66/71 MP: 17/19
  9552 | D:8      | Identified a +0 dagger
  9552 | D:8      | Identified a +0 cloak of stealth
  9552 | D:8      | Noticed Maurice
  9560 | D:8      | Identified a +0 hand axe
  9561 | D:8      | Killed Grum
  9689 | D:8      | Noticed Gastronok
  9702 | D:7      | Reached ** piety under Kikubaaqudgha
  9839 | D:8      | Killed Gastronok
  9839 | D:8      | Reached skill level 4 in Fighting
  9839 | D:8      | Reached skill level 4 in Poison Magic
  9985 | D:8      | Killed Maurice
  9998 | D:8      | Reached skill level 4 in Conjurations
 10018 | D:8      | Identified a +0 short sword
 10027 | D:8      | Identified a +0 dagger
 10027 | D:8      | Identified a +0 robe
 10029 | D:8      | Identified a +0 club
 10166 | D:8      | Reached skill level 4 in Staves
 10241 | D:8      | Identified a +0 dagger
 10241 | D:8      | Identified a +0 robe
 10244 | D:8      | Identified a +0 dagger
 10244 | D:8      | Identified a +0 robe
 10244 | D:8      | Identified a +0 shortbow
 10245 | D:8      | Identified a +0 short sword
 10245 | D:8      | Identified a +0 leather armour
 10246 | D:8      | Identified a +0 trident
 10248 | D:8      | Identified a +0 flail
 10248 | D:8      | Identified a +0 ring mail
 10373 | D:8      | Reached skill level 5 in Translocations
 10485 | D:9      | Identified a +0 trident
 10601 | D:9      | Identified a +0 troll leather armour
 10601 | D:9      | Reached skill level 9 in Necromancy
 10634 | D:9      | Identified 3 potions of mutation
 10635 | D:9      | Identified 2 potions of lignification
 10636 | D:9      | Identified 2 potions of flight
 10637 | D:9      | Identified 4 scrolls of magic mapping
 10638 | D:9      | Identified 3 scrolls of teleportation
 10639 | D:9      | Identified 3 scrolls of remove curse
 10642 | D:9      | Identified a +0 halberd
 10642 | D:9      | Identified a +0 chain mail
 10642 | D:9      | Identified a +0 short sword
 10642 | D:9      | Identified a +0 chain mail
 10643 | D:9      | Identified a +0 dagger
 10643 | D:9      | Identified a +0 robe
 10651 | D:9      | Identified a cursed -2 war axe
 10651 | D:9      | Identified a +0 leather armour
 10657 | D:9      | HP: 12/73 [something (28)]
 10672 | D:9      | HP: 18/73 [something (15)]
 10673 | D:9      | HP: 3/73 [something (16)]
 10680 | D:9      | HP: 4/73 [something (7)]
 10803 | D:9      | Found a blossoming altar of Fedhas.
 10819 | D:9      | Reached *** piety under Kikubaaqudgha
 10819 | D:9      | Identified Kikubaaqudgha's Disquisition on Unholy Magic
                  | (Kikubaaqudgha gifted it to you on level 9 of the Dungeon)
 10819 | D:9      | Received a gift from Kikubaaqudgha
 10857 | D:9      | Reached skill level 5 in Dodging
 11017 | D:9      | Identified a cursed +5 dagger
 11017 | D:9      | Identified a +0 robe
 11017 | D:9      | Identified a +2 great sword
 11017 | D:9      | Identified a +0 robe
 11032 | D:9      | Identified a +4 hand axe
 11032 | D:9      | Identified a +0 robe
 11062 | D:9      | Identified a +0 war axe
 11062 | D:9      | Identified a +0 leather armour
 11063 | D:9      | Identified a +0 short sword
 11063 | D:9      | Identified a +0 plate armour
 11063 | D:9      | Identified a +0 dagger
 11063 | D:9      | Identified a +0 robe
 11063 | D:9      | Identified a +0 whip
 11063 | D:9      | Identified a +0 leather armour
 11076 | D:9      | Reached skill level 7 in Spellcasting
 11076 | D:9      | Reached XP level 11. HP: 21/78 MP: 21/21
 11320 | D:9      | Identified a +0 giant club
 11320 | D:9      | Identified a +0 giant club
 11320 | D:9      | Noticed a two-headed ogre
 11363 | D:9      | Killed a two-headed ogre
 11806 | D:10     | Entered Level 10 of the Dungeon
 11806 | D:10     | Identified a +0 giant club
 12172 | D:10     | Found Maseoled's Jewellery Emporium.
 12180 | D:10     | Identified a +0 dagger
 12180 | D:10     | Identified a +0 robe
 12181 | D:10     | Identified a +0 dagger
 12181 | D:10     | Identified a +0 robe
 12181 | D:10     | Identified a +0 club
 12183 | D:10     | Found a large runed translucent door.
 12183 | D:10     | Found a large runed translucent door.
 12193 | D:10     | Noticed ma3's ghost (novice DEFE)
 12339 | D:10     | Identified a +0 short sword
 12340 | D:10     | Identified a +0 dagger
 12340 | D:10     | Identified a +0 short sword
 12361 | D:10     | Identified a +0 whip
 12416 | D:10     | Identified a +2 dagger of venom
 12416 | D:10     | Noticed Sonja
 12427 | D:10     | Killed Sonja
 12427 | D:10     | Reached **** piety under Kikubaaqudgha
 12583 | D:10     | Found Zeseer's Book Shoppe.
 12652 | D:10     | Found a staircase to the Lair.
 12784 | D:10     | Identified 5 scrolls of enchant weapon
 12791 | Lair:1   | Entered Level 1 of the Lair of Beasts
 12799 | Lair:1   | Reached skill level 6 in Translocations
 12981 | Lair:1   | Reached skill level 5 in Fighting
 12994 | Lair:1   | Reached skill level 5 in Poison Magic
 13044 | Lair:1   | Found a stormy altar of Qazlal.
 13159 | Lair:1   | Noticed a five-headed hydra
 13167 | Lair:1   | Killed a five-headed hydra
 13275 | Lair:1   | Reached skill level 5 in Conjurations
 13275 | Lair:1   | Reached skill level 1 in Evocations
 13721 | Lair:2   | Reached skill level 10 in Necromancy
 13936 | Lair:2   | Reached skill level 5 in Staves
 14011 | Lair:2   | Found a staircase to the Shoals.
 14068 | Lair:2   | Identified a +0 plate armour
 14068 | Lair:2   | Noticed a minotaur
 14070 | Lair:2   | Noticed Cato's ghost (journeyman DECj)
 14095 | Lair:2   | Found a runed translucent gate.
 14095 | Lair:2   | Found a runed translucent gate.
 14095 | Lair:2   | Found a runed translucent gate.
 14660 | Lair:3   | Found a gate leading to a gauntlet.
 14684 | Gauntlet | Entered a Gauntlet
 14684 | Gauntlet | Found a transporter.
 14692 | Gauntlet | Identified a +0 trident
 14699 | Gauntlet | Found a transporter.
 14712 | Gauntlet | Found a transporter.
 14717 | Gauntlet | Found a transporter.
 14731 | Gauntlet | Noticed a blizzard demon
 14734 | Gauntlet | Found a transporter.
 14751 | Gauntlet | Found the +10 tower shield of Ignorance {rN+ Int-4}
 14751 | Gauntlet | Found a transporter.
 14751 | Gauntlet | Noticed an obsidian statue
 14760 | Gauntlet | Noticed a death ooze
 14763 | Gauntlet | Found a transporter.
 14775 | Gauntlet | Found a transporter.
 14775 | Gauntlet | Noticed a blizzard demon
 14783 | Gauntlet | Found a large runed translucent door.
 14784 | Gauntlet | Found a large runed translucent door.
 14785 | Gauntlet | Found a large runed translucent door.
 14785 | Gauntlet | Found a large runed translucent door.
 14786 | Gauntlet | Found a runed translucent gate.
 14786 | Gauntlet | Noticed a death scarab
 14787 | Gauntlet | Found a transporter.
 14787 | Gauntlet | Found a runed translucent gate.
 14788 | Gauntlet | Found a runed translucent gate.
 14788 | Gauntlet | Noticed a death scarab
 14789 | Gauntlet | Found a large runed translucent door.
 14789 | Gauntlet | Found a large runed translucent door.
 14790 | Gauntlet | Found a large runed translucent door.
 14791 | Gauntlet | Found a large runed translucent door.
 14795 | Gauntlet | Noticed a glowing orange brain
 14796 | Gauntlet | Noticed a glowing orange brain
 14799 | Gauntlet | Found a transporter.
 14801 | Gauntlet | Found a large runed translucent door.
 14801 | Gauntlet | Found a large runed translucent door.
 14801 | Gauntlet | Found a runed translucent door.
 14801 | Gauntlet | Found a runed translucent door.
 14801 | Gauntlet | Noticed a white ugly thing
 14802 | Gauntlet | Found a large runed translucent door.
 14803 | Gauntlet | Found a large runed translucent door.
 14803 | Gauntlet | Noticed a red ugly thing
 14805 | Gauntlet | Found a transporter.
 14805 | Gauntlet | Found a transporter.
 14848 | Gauntlet | Found a large runed translucent door.
 14848 | Gauntlet | Found a transporter.
 14848 | Gauntlet | Found a large runed translucent door.
 14849 | Gauntlet | Found a large runed translucent door.
 14849 | Gauntlet | Noticed a queen ant
 14871 | Gauntlet | Identified a +0 scale mail
 14873 | Gauntlet | Found a transporter.
 14875 | Gauntlet | Found a transporter.
 14877 | Gauntlet | Found a transporter.
 15035 | Gauntlet | Found a large runed translucent door.
 15079 | Gauntlet | Reached skill level 2 in Evocations
 15089 | Gauntlet | Found a transporter.
 15089 | Gauntlet | HP: 19/80 [red devil/+0 trident (14)]
 15100 | Gauntlet | Reached XP level 12. HP: 29/86 MP: 23/23
 15162 | Gauntlet | Found a transporter.
 15168 | Gauntlet | Got an ichor-stained cloak
 15169 | Gauntlet | Identified 3 potions of magic
 15180 | Gauntlet | Identified the +2 cloak of the Hall of Blades {Str-3 Int+7}
                  | (You found it in a Gauntlet)
 15208 | Gauntlet | Noticed a catoblepas
 15210 | Gauntlet | Identified 4 scrolls of enchant armour
 15210 | Gauntlet | HP: 11/86 [swamp worm[a boggart] (30)]
 15210 | Gauntlet | HP: 5/86 [fire crab[a boggart] (5)]
 15210 | Gauntlet | Slain by a fire crab

Table legend:
 A = Turns spent in this place as a percentage of turns spent in the entire game.
 B = Non-inter-level travel turns spent in this place as a percentage of non-inter-level travel turns spent in the entire game.
 C = Inter-level travel turns spent in this place as a percentage of turns spent in this place.
 D = Turns resting spent in this place as a percentage of non-inter-level travel turns spent in this place.
 E = Turns spent auto-exploring this place as a percentage of non-inter-level travel turns spent in this place.
 F = Non-inter-level travel turns spent in this place divided by the number of levels of this place that you've seen.
                   A       B       C       D       E      F
               +-------+-------+-------+-------+-------+----------------------
         Total | 100.0 | 100.0 |   5.5 |  18.0 |  51.5 | 958.1
       Dungeon |  83.6 |  83.2 |   5.9 |  19.6 |  49.5 | 1195.9
        Temple |   0.5 |   0.5 |   0.0 |   0.0 |  40.3 |  77.0
          Lair |  12.4 |  12.6 |   4.4 |  10.6 |  70.1 | 603.0
      Gauntlet |   3.5 |   3.7 |   0.0 |   9.9 |  35.6 | 526.0
               +-------+-------+-------+-------+-------+----------------------

Table legend:
 A = Kills in this place as a percentage of kills in entire the game.
 B = Kills by you in this place as a percentage of kills by you in the entire game.
 C = Kills by friends in this place as a percentage of kills by friends in the entire game.
 D = Other kills in this place as a percentage of other kills in the entire game.
 E = Experience gained in this place as a percentage of experience gained in the entire game.
 F = Experience gained in this place divided by the number of levels of this place that you have seen.
                   A       B       C       D       E      F
               +-------+-------+-------+-------+-------+----------------------
         Total | 100.0 | 100.0 | 100.0 | 100.0 | 100.0 | 1471.8
       Dungeon |  90.0 |  90.9 |  71.4 | 100.0 |  69.1 | 1526.3
          Lair |   7.9 |   6.9 |  28.6 |   0.0 |  26.9 | 1979.7
      Gauntlet |   2.1 |   2.2 |   0.0 |   0.0 |   4.0 | 875.0
               +-------+-------+-------+-------+-------+----------------------

Skill      XL: |  1  2  3  4  5  6  7  8  9 10 11 |
---------------+----------------------------------+-----
Stealth        | 2 3 |  3.6
Dodging        | 2 3 4 5 |  5.8
Necromancy     | 5 6 7 8 9 10 | 10.3
Armour         | 1 2 3 4 |  4.0
Spellcasting   | 3 4 5 6 7 |  7.8
Staves         | 1 2 3 4 5 |  5.1
Fighting       | 1 2 3 4 5 |  5.6
Poison Magic   | 1 2 3 4 5 |  5.5
Conjurations   | 1 2 3 4 5 |  5.4
Translocations | 2 4 5 6 |  6.0
Evocations     | 2 |  2.1

Action                   |  1- 3 |  4- 6 |  7- 9 | 10-12 || total
-------------------------+-------+-------+-------+-------++-------
Melee: Dagger            |   222 |    20 |       |       ||   242
       Quarterstaff      |       |    50 |   269 |   426 ||   745
       Headbutt          |       |     6 |    52 |    76 ||   134
 Cast: Pain              |    47 |    54 |    43 |    56 ||   200
       Animate Skeleton  |     7 |    13 |     1 |       ||    21
       Animate Dead      |       |       |    16 |    11 ||    27
       Vampiric Draining |       |       |     5 |    34 ||    39
       Mephitic Cloud    |       |       |       |     3 ||     3
       Blink             |       |       |       |     1 ||     1
Invok: Receive Corpses   |       |       |     1 |     1 ||     2
Evoke: Wand              |       |       |       |     1 ||     1
  Use: Scroll            |     1 |     3 |     1 |    11 ||    16
       Potion            |       |     2 |       |       ||     2
 Stab: Sleeping          |     6 |     2 |     1 |     3 ||    12
       Distracted        |     1 |       |       |     1 ||     2
       Paralysed         |       |       |     4 |       ||     4
       Petrified         |       |       |     3 |       ||     3
  Eat: Chunk             |     4 |     8 |     9 |     7 ||    28
       Ration            |     1 |       |     3 |     5 ||     9
Armor: Robe              |    22 |     4 |       |       ||    26
       Troll leather arm |       |    15 |   102 |   182 ||   299
Dodge: Dodged            |    80 |    36 |   206 |   345 ||   667
Block: Other             |    21 |    21 |    95 |   152 ||   289

Vanquished Creatures
  Gastronok (D:8)
  Harold (D:7)
  A hydra (Lair:1)
  A two-headed ogre (D:9)
  Sonja (D:10)
  A manticore (Lair:2)
  A smoke demon (Gauntlet)
  4 spiny frogs
  2 komodo dragons (Lair:1)
  A red devil (Gauntlet)
  A hornet (D:10)
  A troll (D:9)
  4 hippogriffs
  4 blink frogs
  A wraith (D:10)
  2 wyverns
  Grum (D:8)
  2 hungry ghosts (D:10)
  Menkaure (D:6)
  A water moccasin (shapeshifter) (D:6)
  4 orc warriors
  A porcupine (Lair:2)
  Duvessa (D:7)
  An ice beast (D:5)
  3 sky beasts
  4 ogres
  4 centaurs
  3 phantoms
  4 wolves
  4 crocodiles
  6 bullfrogs
  2 big kobolds
  A gnoll sergeant (D:6)
  Dowan (D:7)
  3 scorpions
  12 killer bees
  3 wights (D:9)
  3 howler monkeys (D:10)
  8 crimson imps
  2 bullfrog zombies
  A jelly (D:7)
  2 quasits (D:9)
  5 hounds
  An iron imp (Gauntlet)
  5 orc priests
  9 orc wizards
  Crazy Yiuf (D:3)
  A bullfrog skeleton (D:10)
  2 iguanas
  7 worker ants
  2 hound zombies (D:7)
  Robin (D:2)
  9 adders
  6 gnolls
  3 oozes
  An adder skeleton (D:9)
  2 worms
  A dart slug (D:1)
  7 leopard geckos
  28 orcs
  10 giant cockroaches
  11 goblins
  6 hobgoblins
  8 jackals
  9 quokkas
  6 bats
  3 frilled lizards
  19 kobolds
  A leopard gecko skeleton (D:7)
  5 rats
  A plant (D:3)
275 creatures vanquished.

Vanquished Creatures (collateral kills)
  A wyvern (Lair:1)
  2 water moccasins (Lair:1)
  An orc warrior (D:7)
  A black bear (D:10)
  A crocodile (Lair:1)
  Blork the orc (D:5)
  A scorpion (D:9)
  2 adders
  3 orcs
  A kobold (D:3)
14 creatures vanquished.

Vanquished Creatures (others)
  Maurice (D:8)
  An orc (D:8)
  2 kobolds (D:3)
  A bush (D:8)
  5 fungi
  5 plants
15 creatures vanquished.

Grand Total: 304 creatures vanquished
